MID
DELMARVA SHOREBIRDS @ CHARLESTON RIVERDOGS
09/01/2046
 
TOP OF THE 1ST
Delmarva Shorebirds batting - Pitching for Charleston RiverDogs : LHP Ferrie Werkhoven
Pitching: LHP Ferrie Werkhoven
Batting: LHB James Betron 0-0: Foul Ball, location: 2F
0-1: Foul Ball, location: 2F
0-2: Ball
1-2: Strikes out swinging
Batting: LHB Tim Mulholland 0-0: Called Strike
0-1: Foul Ball, location: 2F
0-2: Ball
1-2: SOLO HOME RUN (Flyball, 7LD, EV 94.4 MPH), Distance : 373 ft
Batting: LHB Tom Edwards 0-0: Ball
1-0: Called Strike
1-1: Foul Ball, location: 2F
1-2: Ball
2-2: Reached on error, E4 (Groundball, 4, EV 83.1 MPH)
Batting: LHB Mike Sloan 0-0: Ball
1-0: Ball
Tom Edwards steals 2nd base (no throw)
2-0: Ball
3-0: Called Strike
3-1: Foul Ball, location: 2F
3-2: Base on Balls
Batting: RHB Jon Zimmerman 0-0: SINGLE (Flyball, 78S, EV 94.4 MPH)
Tom Edwards to third
Mike Sloan to second
Runner from 3rd tries for Home, throw by LF and OUT! 7-2
Batting: LHB Justin Moore 0-0: Foul Ball, location: 2F
0-1: Ball
1-1: DOUBLE (Flyball, 89XD, EV 96.9 MPH)
Mike Sloan scores
Jon Zimmerman to third
Batting: LHB Bill Ostlund 0-0: Ball
1-0: Ball
2-0: Ball
3-0: Base on Balls
Batting: RHB Adam Swimmer 0-0: Ball
1-0: Swinging Strike
1-1: Ball
2-1: Foul Ball, location: 2F
2-2: Strikes out looking
Top of the 1st over - 2 runs, 3 hits, 1 error, 3 left on base; Delmarva 2 - Charleston 0
BOTTOM OF THE 1ST
Charleston RiverDogs batting - Pitching for Delmarva Shorebirds : RHP Nick Hoag
Pitching: RHP Nick Hoag
Batting: LHB Marc Durgin 0-0: Foul Ball, location: 2F
0-1: Ball
1-1: Ball
2-1: Ball
3-1: Ground out 3-1 (Groundball, 34S, EV 88.8 MPH)
Batting: RHB Bryan Westray 0-0: Foul Ball, location: 2F
0-1: DOUBLE (Flyball, 8LXD, EV 101.2 MPH)
Batting: LHB Sean Trueblood 0-0: Ball
1-0: Foul Ball, location: 2F
1-1: Ball
2-1: SINGLE (Line Drive, 4D, EV 102.5 MPH)
Bryan Westray to third
Runner from 3rd tries for Home, SAFE, throw by CF to home
Batting: RHB Iften Olujimi 0-0: Called Strike
0-1: Ball
1-1: Ball
2-1: Ball
3-1: Foul Ball, location: 2F
3-2: SINGLE (Groundball, 6, EV 101.9 MPH)
Sean Trueblood to second
Batting: LHB Justin O'Neal 0-0: Called Strike
0-1: Swinging Strike
0-2: Ball
1-2: Foul Ball, location: 2F
1-2: Strikes out swinging
Batting: RHB Bill Nguyen-Tan 0-0: Ball
1-0: Ball
2-0: Ball
3-0: Base on Balls
Sean Trueblood to third
Iften Olujimi to second
Batting: LHB Dale Anderson 0-0: Ball
1-0: Ground out 1-3 (Groundball, 13, EV 62.5 MPH)
Bottom of the 1st over - 1 run, 3 hits, 0 errors, 3 left on base; Delmarva 2 - Charleston 1
TOP OF THE 2ND
Delmarva Shorebirds batting - Pitching for Charleston RiverDogs : LHP Ferrie Werkhoven
Batting: LHB Shane Free 0-0: Foul Ball, location: 2F
0-1: Foul Ball, location: 2F
0-2: Foul Ball, location: 2F
0-2: Ball
1-2: Ball
2-2: Ball
3-2: Base on Balls
Batting: LHB James Betron 0-0: Called Strike
0-1: Ball
1-1: Called Strike
Shane Free steals 2nd base (no throw)
1-2: Strikes out swinging
Batting: LHB Tim Mulholland 0-0: Foul Ball, location: 2F
0-1: Swinging Strike
0-2: Ball
1-2: Ground out 6-3 (Groundball, 6M, EV 90.6 MPH)
Shane Free to third
Batting: LHB Tom Edwards 0-0: Ball
1-0: Ball
2-0: Ball
3-0: Base on Balls
Batting: LHB Mike Sloan 0-0: Called Strike
0-1: Ball
1-1: Reached on error, E4 (Groundball, 4, EV 88.1 MPH)
Shane Free scores
Tom Edwards to third
Batting: RHB Jon Zimmerman 0-0: Swinging Strike
0-1: Ball
1-1: Swinging Strike
1-2: Strikes out swinging
Top of the 2nd over - 1 run, 0 hits, 1 error, 2 left on base; Delmarva 3 - Charleston 1
BOTTOM OF THE 2ND
Charleston RiverDogs batting - Pitching for Delmarva Shorebirds : RHP Nick Hoag
Batting: SHB Houston Phillips 0-0: Called Strike
0-1: Ball
1-1: Ball
2-1: DOUBLE (Groundball, 5L, EV 105.0 MPH)
Batting: RHB Matt Alderson 0-0: Foul Ball, location: 2F
0-1: Foul Ball, location: 2F
0-2: Strikes out looking
Batting: LHB Marc Durgin 0-0: Ball
1-0: Called Strike
1-1: Foul Ball, location: 2F
1-2: Ball
2-2: Ball
3-2: Base on Balls
Batting: RHB Bryan Westray 0-0: Ball
1-0: Swinging Strike
1-1: Swinging Strike
1-2: Ball
2-2: Ball
3-2: Foul Ball, location: 2F
3-2: Grounds into double play, 4-6-3 (Groundball, 4, EV 106.2 MPH)
Bottom of the 2nd over - 0 runs, 1 hit, 0 errors, 1 left on base; Delmarva 3 - Charleston 1
TOP OF THE 3RD
Delmarva Shorebirds batting - Pitching for Charleston RiverDogs : LHP Ferrie Werkhoven
Batting: LHB Justin Moore 0-0: Ball
1-0: Called Strike
1-1: Ball
2-1: Called Strike
2-2: Ground out 5-3 (Groundball, 6S, EV 67.5 MPH)
Batting: LHB Bill Ostlund 0-0: Called Strike
0-1: Ground out 4-3 (Groundball, 34, EV 104.4 MPH)
Batting: RHB Adam Swimmer 0-0: SINGLE (Groundball, 6D, EV 99.4 MPH)
Batting: LHB Shane Free 0-0: Called Strike
0-1: DOUBLE (Flyball, 8LXD, EV 96.9 MPH)
Adam Swimmer to third
Runner from 3rd tries for Home, throw by CF and OUT! 8-6-2
Top of the 3rd over - 0 runs, 2 hits, 0 errors, 1 left on base; Delmarva 3 - Charleston 1
BOTTOM OF THE 3RD
Charleston RiverDogs batting - Pitching for Delmarva Shorebirds : RHP Nick Hoag
Batting: LHB Sean Trueblood 0-0: Called Strike
0-1: Ball
1-1: SINGLE (Groundball, 6MD, EV 102.5 MPH)
Batting: RHB Iften Olujimi 0-0: Called Strike
0-1: Called Strike
Sean Trueblood steals 2nd base
0-2: Strikes out looking
Batting: LHB Justin O'Neal 0-0: Ball
1-0: Swinging Strike
1-1: Foul Ball, location: 2F
1-2: Strikes out swinging
Batting: RHB Bill Nguyen-Tan 0-0: Called Strike
0-1: Ball
1-1: SINGLE (Groundball, P, EV 90.6 MPH) (infield hit)
Sean Trueblood to third
Batting: LHB Dale Anderson Pickoff Throw to First - Out! 1-3
Bottom of the 3rd over - 0 runs, 2 hits, 0 errors, 1 left on base; Delmarva 3 - Charleston 1
TOP OF THE 4TH
Delmarva Shorebirds batting - Pitching for Charleston RiverDogs : LHP Ferrie Werkhoven
Batting: LHB James Betron 0-0: Foul Ball, location: 2F
0-1: Foul Ball, location: 2F
0-2: Ball
1-2: Ball
2-2: Foul Ball, location: 2F
2-2: Foul Ball, location: 2F
2-2: Ball
3-2: Base on Balls
Batting: LHB Tim Mulholland 0-0: Called Strike
0-1: Ball
1-1: Ball
Wild Pitch!
James Betron to second
2-1: Foul Ball, location: 2F
2-2: Ground out 6-3 (Groundball, 6M, EV 88.8 MPH)
James Betron to third
Batting: LHB Tom Edwards 0-0: Ball
1-0: Ball
2-0: Called Strike
2-1: Swinging Strike
2-2: Ball
3-2: 2-RUN HOME RUN (Flyball, 7LD, EV 100.6 MPH), Distance : 377 ft
Pitching: RHP Lee Durbin
Batting: LHB Mike Sloan 0-0: Ball
1-0: Swinging Strike
1-1: Foul Ball, location: 2F
1-2: Ball
2-2: Foul Ball, location: 2F
2-2: Ball
3-2: Base on Balls
Batting: RHB Jon Zimmerman 0-0: Foul Ball, location: 2F
0-1: Ball
1-1: Called Strike
1-2: Fielders Choice at 2nd, 1-6 (Groundball, 13, EV 71.9 MPH)
Batting: LHB Justin Moore 0-0: Foul Ball, location: 2F
0-1: Ground out U3 (Groundball, 23, EV 84.4 MPH)
Top of the 4th over - 2 runs, 1 hit, 0 errors, 1 left on base; Delmarva 5 - Charleston 1
BOTTOM OF THE 4TH
Charleston RiverDogs batting - Pitching for Delmarva Shorebirds : RHP Nick Hoag
Batting: LHB Dale Anderson 0-0: Fly out, F6 (Popup, 6M, EV 75.0 MPH)
Batting: SHB Houston Phillips 0-0: Called Strike
0-1: Ball
1-1: Foul Ball, location: 2F
1-2: Foul Ball, location: 2F
1-2: Ground out 6-3 (Groundball, 6, EV 104.4 MPH)
Batting: RHB Matt Alderson 0-0: Swinging Strike
0-1: Foul Ball, location: 2F
0-2: Strikes out looking
Bottom of the 4th over - 0 runs, 0 hits, 0 errors, 0 left on base; Delmarva 5 - Charleston 1
TOP OF THE 5TH
Delmarva Shorebirds batting - Pitching for Charleston RiverDogs : RHP Lee Durbin
Batting: LHB Bill Ostlund 0-0: Ball
1-0: Foul Ball, location: 2F
1-1: Ball
2-1: Ball
3-1: Reached on error, E4 (Groundball, 4, EV 102.5 MPH)
Batting: RHB Adam Swimmer 0-0: Called Strike
0-1: Called Strike
Bill Ostlund steals 2nd base (no throw)
0-2: Ground out 5-3 (Groundball, 56, EV 107.5 MPH)
Batting: LHB Shane Free 0-0: Ground out 6-3 (Groundball, 56, EV 102.5 MPH)
Batting: LHB James Betron 0-0: Ball
1-0: Swinging Strike
1-1: SINGLE (Groundball, 6MD, EV 105.0 MPH)
Bill Ostlund to third
Runner from 3rd tries for Home, SAFE, throw by CF to home
Batting: LHB Tim Mulholland 0-0: Swinging Strike
0-1: Fly out, F7 (Flyball, 78D, EV 105.6 MPH)
Top of the 5th over - 1 run, 1 hit, 1 error, 1 left on base; Delmarva 6 - Charleston 1
BOTTOM OF THE 5TH
Charleston RiverDogs batting - Pitching for Delmarva Shorebirds : RHP Nick Hoag
Batting: LHB Marc Durgin 0-0: Called Strike
0-1: Ball
1-1: Ground out U3 (Groundball, 3, EV 89.4 MPH)
Batting: RHB Bryan Westray 0-0: Ball
1-0: Ball
2-0: Foul Ball, location: 2F
2-1: Ground out 4-3 (Groundball, 4, EV 91.2 MPH)
Batting: LHB Sean Trueblood 0-0: Called Strike
0-1: Ball
1-1: SINGLE (Groundball, 56, EV 101.2 MPH)
Pitching: LHP Randy Yarrigle
Batting: RHB Iften Olujimi 0-0: Foul Ball, location: 2F
0-1: Called Strike
0-2: Strikes out swinging
Bottom of the 5th over - 0 runs, 1 hit, 0 errors, 1 left on base; Delmarva 6 - Charleston 1
TOP OF THE 6TH
Delmarva Shorebirds batting - Pitching for Charleston RiverDogs : RHP Lee Durbin
Batting: LHB Tom Edwards 0-0: Ball
1-0: Ball
2-0: SINGLE (Groundball, 25, EV 70.0 MPH) (infield hit)
Batting: LHB Mike Sloan 0-0: Ball
Tom Edwards steals 2nd base (no throw)
1-0: Foul Ball, location: 2F
1-1: Foul Ball, location: 2F
1-2: Ball
Wild Pitch!
Tom Edwards to third
2-2: Ground out 4-3 (Groundball, 4, EV 82.5 MPH)
Tom Edwards scores
Batting: RHB Jon Zimmerman 0-0: Called Strike
0-1: Ground out 4-3 (Groundball, 6MD, EV 105.6 MPH)
Pitching: LHP Cory Musial
Batting: LHB Justin Moore 0-0: Called Strike
0-1: Foul Ball, location: 2F
0-2: Strikes out looking
Top of the 6th over - 1 run, 1 hit, 0 errors, 0 left on base; Delmarva 7 - Charleston 1
BOTTOM OF THE 6TH
Charleston RiverDogs batting - Pitching for Delmarva Shorebirds : LHP Randy Yarrigle
Batting: LHB Justin O'Neal 0-0: Ground out 3-1 (Groundball, 34, EV 93.8 MPH)
Batting: RHB Bill Nguyen-Tan 0-0: Ball
1-0: Ball
2-0: Called Strike
2-1: Swinging Strike
2-2: Foul Ball, location: 2F
2-2: Fly out, F7 (Flyball, 7, EV 89.4 MPH)
Batting: LHB Dale Anderson 0-0: Ball
1-0: Ground out 4-3 (Groundball, 4, EV 81.9 MPH)
Bottom of the 6th over - 0 runs, 0 hits, 0 errors, 0 left on base; Delmarva 7 - Charleston 1
TOP OF THE 7TH
Delmarva Shorebirds batting - Pitching for Charleston RiverDogs : LHP Cory Musial
Batting: LHB Bill Ostlund 0-0: SINGLE (Flyball, 56D, EV 86.2 MPH)
Batting: RHB Adam Swimmer 0-0: Ball
1-0: Ball
Bill Ostlund is caught stealing 2nd base 2-4
2-0: Ground out 5-3 (Groundball, 5, EV 97.5 MPH)
Batting: LHB Shane Free 0-0: Called Strike
0-1: Ball
1-1: Ball
2-1: Swinging Strike
2-2: Strikes out swinging
Top of the 7th over - 0 runs, 1 hit, 0 errors, 0 left on base; Delmarva 7 - Charleston 1
BOTTOM OF THE 7TH
Charleston RiverDogs batting - Pitching for Delmarva Shorebirds : LHP Randy Yarrigle
Batting: SHB Houston Phillips 0-0: Called Strike
0-1: Ball
1-1: Ball
2-1: Swinging Strike
2-2: Foul Ball, location: 2F
2-2: Foul Ball, location: 2F
2-2: Foul Ball, location: 2F
2-2: Foul Ball, location: 2F
2-2: Strikes out swinging
Batting: RHB Matt Alderson 0-0: DOUBLE (Line Drive, 9LD, EV 103.1 MPH)
Batting: LHB Marc Durgin 0-0: Foul Ball, location: 2F
0-1: Ball
1-1: Foul Ball, location: 2F
1-2: Strikes out looking
Batting: RHB Bryan Westray 0-0: Ball
1-0: Ball
2-0: Ground out 6-3 (Groundball, 6S, EV 79.4 MPH)
Bottom of the 7th over - 0 runs, 1 hit, 0 errors, 1 left on base; Delmarva 7 - Charleston 1
TOP OF THE 8TH
Delmarva Shorebirds batting - Pitching for Charleston RiverDogs : LHP Cory Musial
Batting: LHB James Betron 0-0: Swinging Strike
0-1: Ground out U3 (Groundball, 3, EV 85.0 MPH)
Batting: LHB Tim Mulholland 0-0: Foul Ball, location: 2F
0-1: Ball
1-1: Foul Ball, location: 2F
1-2: Ball
2-2: TRIPLE (Flyball, 89XD, EV 91.2 MPH)
Batting: LHB Tom Edwards 0-0: Foul Ball, location: 2F
0-1: Ball
1-1: DOUBLE (Flyball, 89XD, EV 108.1 MPH)
Tim Mulholland scores
Pinch Hitting: SHB Eric Tiehen 0-0: Ball
1-0: Foul Ball, location: 2F
1-1: Called Strike
1-2: Strikes out swinging
Batting: RHB Jon Zimmerman 0-0: Ground out 5-3 (Groundball, 5, EV 84.4 MPH)
Top of the 8th over - 1 run, 2 hits, 0 errors, 1 left on base; Delmarva 8 - Charleston 1
BOTTOM OF THE 8TH
Charleston RiverDogs batting - Pitching for Delmarva Shorebirds : LHP Randy Yarrigle
Now at 1B: Alex Valencia
Batting: LHB Sean Trueblood 0-0: Ball
1-0: Called Strike
1-1: Foul Ball, location: 2F
1-2: Ground out 4-3 (Groundball, 4, EV 102.5 MPH)
Batting: RHB Iften Olujimi 0-0: Swinging Strike
0-1: Foul Ball, location: 2F
0-2: Strikes out swinging
Batting: LHB Justin O'Neal 0-0: Called Strike
0-1: Ball
1-1: Foul Ball, location: 2F
1-2: Strikes out looking
Bottom of the 8th over - 0 runs, 0 hits, 0 errors, 0 left on base; Delmarva 8 - Charleston 1
TOP OF THE 9TH
Delmarva Shorebirds batting - Pitching for Charleston RiverDogs : LHP Cory Musial
Batting: LHB Justin Moore 0-0: Ground out 4-3 (Groundball, 4, EV 81.9 MPH)
Batting: LHB Bill Ostlund 0-0: Ball
1-0: DOUBLE (Line Drive, 78D, EV 106.2 MPH)
Pitching: LHP Alex Pulido
Batting: RHB Adam Swimmer 0-0: Called Strike
0-1: Foul Ball, location: 2F
0-2: Strikes out looking
Batting: LHB Shane Free 0-0: Called Strike
0-1: Ball
1-1: Foul Ball, location: 2F
1-2: Fly out, F9 (Flyball, 9D, EV 80.0 MPH)
Top of the 9th over - 0 runs, 1 hit, 0 errors, 1 left on base; Delmarva 8 - Charleston 1
BOTTOM OF THE 9TH
Charleston RiverDogs batting - Pitching for Delmarva Shorebirds : LHP Randy Yarrigle
Batting: RHB Bill Nguyen-Tan 0-0: Swinging Strike
0-1: Called Strike
0-2: Ball
1-2: Ball
2-2: SINGLE (Line Drive, 7S, EV 107.5 MPH)
Pitching: RHP Shane Kruger
Batting: LHB Dale Anderson 0-0: Called Strike
0-1: Ball
1-1: Swinging Strike
1-2: Foul Ball, location: 2F
1-2: Ball
2-2: Fielders Choice at 2nd, 3-6 (Groundball, 34, EV 88.1 MPH)
Batting: SHB Houston Phillips 0-0: Called Strike
0-1: Ball
1-1: Fly out, F8 (Flyball, 89M, EV 87.5 MPH)
Batting: RHB Matt Alderson 0-0: Ball
1-0: Called Strike
1-1: Swinging Strike
1-2: Strikes out swinging
Bottom of the 9th over - 0 runs, 1 hit, 0 errors, 1 left on base; Delmarva 8 - Charleston 1
Tuesday, September 13th , 2022 - OOTP Baseball 23.7 Build 88